 Dungeon Crawl Stone Soup version 0.31-a0-986-g5e6e4ef867 (webtiles) character file.

Game seed: 5326584730987717279

811 Xavori the Slasher (level 8, -1/58 HPs)
             Began as a Djinni Chaos Knight on Nov 4, 2023.
             Was a Plaything of Xom.
             Slain by an orc warrior
             ... wielding a +0 flail
              (8 damage)
             ... on level 6 of the Dungeon.
             The game lasted 00:04:53 (11117 turns).

Xavori the Slasher (Djinni Chaos Knight)           Turns: 11117, Time: 00:04:54

Health: -1/58      AC:  7    Str: 16    XL:     8   Next: 15%
Gold:   217        EV: 12    Int: 13    God:    Xom [...*..] SH:  0 Dex: 11

rFire   + + +        r - +8 triple sword of the Lachrymose God {chaos, rF+ Str+5 Dex-5}
rCold   . . .        (shield currently unavailable)
rNeg    . . .        e - +3 leather armour
rPois   ∞            (helmet restricted)
rElec   .            A - +0 cloak
rCorr   .            (no gloves)
SInv    .            (boots unavailable)
Will    +....        (no amulet)
Stlth   ++           o - ring of willpower
HPRegen 0.29/turn    u - ring of protection from cold
MPRegen 0.00/turn

%: clarity, infuse magic (-2 HP)
@: flying
A: sickness immunity, fire resistance 2, cold vulnerability 1, float, innate
caster, HP casting, extra vitality 1, horns 2, camouflage 1, clarity, MP-powered
wands
a: Renounce Religion


You were on level 6 of the Dungeon.
You worshipped Xom.
You were a favourite toy of Xom.
You visited 1 branch of the dungeon, and saw 6 of its levels.

You collected 217 gold pieces.

Inventory:

Hand Weapons
 a - a +0 falchion of chaos
 r - the +8 triple sword of the Lachrymose God (weapon) {chaos, rF+ Str+5 Dex-5}
   (Xom gifted it to you on level 1 of the Dungeon)

   Str+5:     It affects your strength (+5).
   Dex-5:     It affects your dexterity (-5).
   rF+:       It protects you from fire.
Missiles
 t - a throwing net
Armour
 e - a +3 leather armour (worn)
 A - a +0 cloak (worn)
Jewellery
 o - a ring of willpower (left hand)
 q - the ring "Otharishro" {Fire rPois}
   (Xom gifted it to you on level 1 of the Dungeon)

   [ring of fire]

   Fire:      It enhances your fire magic.
   rF+:       It protects you from fire.
   rC-:       It makes you vulnerable to cold.
   rPois:     It protects you from poison
 u - a ring of protection from cold (right hand)
 x - a ring of resist corrosion
 y - a ring of positive energy
Wands
 p - a wand of roots (9)
Scrolls
 b - a scroll of enchant armour
 c - a scroll of butterflies
 d - a scroll of fear {unknown}
 h - 4 scrolls of teleportation
 i - 2 scrolls of amnesia
 j - 3 scrolls of blinking
 n - a scroll of vulnerability
Potions
 f - 3 potions of curing
 g - a potion of cancellation {unknown}
 k - 2 potions of brilliance
 l - a potion of ambrosia {unknown}
 m - a potion of might
 s - a potion of lignification {unknown}
 v - 2 potions of resistance {unknown}
 w - a potion of enlightenment {unknown}
 z - a potion of degeneration {unknown}


   Skills:
 + Level 4.7 Fighting
 * Level 5.4 Long Blades
 - Level 1.8 Armour
 - Level 2.8 Dodging
 * Level 3.5 Spellcasting
 * Level 3.5 Conjurations
 * Level 3.5 Hexes
   Level 0.0 Charms
 * Level 3.5 Summonings
 * Level 3.5 Necromancy
 * Level 3.5 Translocations
 * Level 3.5 Transmutations
 * Level 3.5 Fire Magic
 * Level 3.5 Ice Magic
 * Level 3.5 Air Magic
 * Level 3.5 Earth Magic
 * Level 3.5 Poison Magic


You knew the following spells:

 Your Spells              Type           Power      Damage    Failure   Level
a - Slow                  Hex            44%        N/A       6%          1
b - Momentum Strike       Conj/Tloc      22%        3d8       10%         2
c - Stone Arrow           Conj/Erth      22%        3d8       19%         3
Your spell library was empty.

Dungeon Overview and Level Annotations

Branches:
Dungeon (6/15)             Temple (0/1) D:5

Altars:
Elyvilon
Makhleb
Xom
Zin
The Shining One


Innate Abilities, Weirdness & Mutations

You are immune to sickness and miasma.
You are immune to poison.
Your flesh is very heat resistant. (rF++)
You are vulnerable to cold. (rC-)
You float through the air rather than walking.
You learn spells naturally, not from books.
Your magical power is your life essence.
You have superior vitality. (+4 MHP)
You have a pair of horns on your head.
Your skin changes colour to match your surroundings (Stealth+).
You possess an exceptional clarity of mind.
You expend health (3 HP) to strengthen your wands.


Message History

You kill the adder!
i - 2 scrolls of amnesia (gained 1) 2 orcs come into view.
The orc shouts!
You hear a shout!
An orc warrior comes into view. It is wielding a +0 flail.
The orc warrior shouts!
The orc shouts!
There are monsters nearby!
There are monsters nearby!
An orc comes into view. It is wielding a +0 hand axe.
The orc throws a boomerang.
The boomerang hits you but does no damage.
You slash the orc warrior!
The orc warrior goes berserk!
The orc warrior is moderately wounded.
The orc warrior hits you with a +0 flail! x2
A shower of butterflies erupts from you!
The orc warrior barely misses you.
You slash the orc warrior! You drain the orc warrior.
The orc warrior is severely wounded.
The orc warrior barely misses you.
The orc warrior hits you with a +0 flail!
You closely miss the orc warrior.
The orc warrior is severely wounded.
The orc warrior hits you with a +0 flail!
You emit a cloud of colourful smoke!
The orc warrior hits you with a +0 flail.
* * * LOW HITPOINT WARNING * * *
Unknown command.
You closely miss the orc warrior.
The orc warrior is severely wounded.
The orc warrior misses you.
The orc warrior hits you with a +0 flail!
* * * LOW HITPOINT WARNING * * *
You hit the orc warrior but do no damage.
The orc warrior suddenly seems more resistant.
Xom thinks this is hilarious!
The orc warrior is severely wounded.
The orc warrior barely misses you.
The orc warrior hits you with a +0 flail!
You die...
Xom snickers!

# #.#######
####.#... .#
#.......# .#
#.##.#^.##.#
#######.##.....#.#
#......o####§..#.#
#......oo@b§.b.#.#
#......o####.....#
#.......# ###.###
#.......######.#
#.......#......#
#.......#.##.#.#
####.####.##.#.#
#. ......#.# ##
#.#..#.######


You could see an orc warrior (berserk, resistant, drained, ally target) and 3
orcs.

Vanquished Creatures
  A water moccasin (D:5)
  A wolf (D:4)
  A scorpion (D:4)
  A howler monkey (D:5)
  A jelly (D:5)
  3 hounds
  3 sleepcaps
  2 iguanas (D:5)
  3 orc wizards
  4 gnolls
  5 adders
  A white imp (D:5)
  3 dart slugs (D:1)
  3 worms (D:3)
  13 orcs
  6 ball pythons
  10 endoplasms
  3 giant cockroaches
  8 hobgoblins
  2 jackals (D:1)
  7 kobolds
  4 quokkas
  10 bats
  3 frilled lizards
  3 goblins
  7 rats
108 creatures vanquished.

Notes
Turn   | Place    | Note
-------+----------+-------------------------------------------
     0 | D:1      | Xavori the Djinni Chaos Knight began the quest for the Orb.
     0 | D:1      | Reached XP level 1. HP: 20/20 MP: 0/0
    45 | D:1      | XOM: butterfly on damage
    55 | D:1      | Reached XP level 2. HP: 6/25 MP: 0/0
   109 | D:1      | XOM: divination: detect items
   219 | D:1      | Reached XP level 3. HP: 19/30 MP: 0/0
   219 | D:1      | Learned a level 1 spell: Slow
   579 | D:2      | Reached skill level 3 in Long Blades
   579 | D:2      | Reached skill level 1 in Spellcasting
   579 | D:2      | Reached skill level 1 in Conjurations
   579 | D:2      | Reached skill level 1 in Hexes
   579 | D:2      | Reached skill level 1 in Summonings
   579 | D:2      | Reached skill level 1 in Necromancy
   579 | D:2      | Reached skill level 1 in Translocations
   579 | D:2      | Reached skill level 1 in Transmutations
   579 | D:2      | Reached skill level 1 in Fire Magic
   579 | D:2      | Reached skill level 1 in Ice Magic
   579 | D:2      | Reached skill level 1 in Air Magic
   579 | D:2      | Reached skill level 1 in Earth Magic
   579 | D:2      | Reached skill level 1 in Poison Magic
   710 | D:2      | Reached XP level 4. HP: 24/35 MP: 0/0
   757 | D:2      | Found a burning altar of Makhleb.
   962 | D:2      | XOM: silly message
  1887 | D:1      | XOM: noise
  3079 | D:1      | XOM: summons 3 hostile demons
  3080 | D:1      | Noticed an ice devil
  3080 | D:1      | Noticed an ice devil
  3104 | D:2      | XOM: give mutations
  3104 | D:2      | Gained mutation: You have a pair of small horns on your
                  | head. [Xom's mischief]
  3104 | D:2      | Gained mutation: You are somewhat resistant to further
                  | mutation. [Xom's mischief]
  3104 | D:2      | Lost mutation: You are somewhat resistant to further
                  | mutation. [Xom's mischief]
  3357 | D:1      | XOM: noise
  4216 | D:1      | XOM: summons 3 hostile shadow creatures
  4543 | D:1      | XOM is BORED!
  4543 | D:1      | XOM: torment (19/35 hp)
  4636 | D:1      | XOM: summons 3 hostile demons
  5529 | D:1      | XOM: summons 2 hostile shadow creatures
  6480 | D:1      | XOM: silly message
  6646 | D:1      | XOM: cloud trail
  7146 | D:1      | XOM: god gift: 5 boomerangs
  7316 | D:1      | XOM: scenery: summon butterflies
  8225 | D:1      | XOM: give mutation
  8225 | D:1      | Gained mutation: Your skin changes colour to match your
                  | surroundings (Stealth+). [Xom's grace]
  8388 | D:1      | XOM: scenery: summon butterflies
  8702 | D:1      | Identified the ring "Otharishro" {Fire rPois} (Xom gifted
                  | it to you on level 1 of the Dungeon)
  8702 | D:1      | XOM: god gift: ring "Otharishro" {Fire rPois}
  8763 | D:1      | Identified the +8 triple sword of the Lachrymose God
                  | {flame, rF+ Str+5 Dex-5} (Xom gifted it to you on level 1
                  | of the Dungeon)
  8763 | D:1      | XOM: god gift: +8 triple sword of the Lachrymose God
                  | {chaos, rF+ Str+5 Dex-5}
  8857 | D:3      | Reached XP level 5. HP: 33/40 MP: 0/0
  8857 | D:3      | Learned a level 2 spell: Momentum Strike
  8861 | D:3      | XOM: give mutations
  8861 | D:3      | Gained mutation: You possess an exceptional clarity of
                  | mind. [Xom's grace]
  8861 | D:3      | Gained mutation: You expend health (3 HP) to strengthen
                  | your wands. [Xom's grace]
  8861 | D:3      | Gained mutation: You have a pair of horns on your head.
                  | [Xom's grace]
  8941 | D:3      | XOM: god gift: +1 pair of boots of flying
  9098 | D:3      | XOM: fog
  9359 | D:4      | XOM: 1-stop teleportation journey
  9375 | D:4      | XOM: smoke on damage
  9392 | D:4      | Reached XP level 6. HP: 12/47 MP: 0/0
  9543 | D:4      | XOM: god gift: small copper ring {god gift}
  9549 | D:4      | a worm changed into a wolf
  9549 | D:4      | Noticed a wolf
  9549 | D:4      | XOM: polymorph worm -> wolf
  9554 | D:4      | Killed a wolf
  9555 | D:4      | Reached skill level 4 in Long Blades
  9604 | D:4      | Found a white marble altar of Elyvilon.
  9805 | D:4      | XOM: scenery: create altars
  9902 | D:4      | Reached XP level 7. HP: 48/52 MP: 0/0
  9902 | D:4      | Learned a level 3 spell: Stone Arrow
 10053 | D:5      | Entered Level 5 of the Dungeon
 10100 | D:5      | Found a glowing silver altar of Zin.
 10101 | D:5      | XOM: fog
 10256 | D:5      | Found a shimmering altar of Xom.
 10301 | D:5      | XOM: scenery: summon butterflies
 10481 | D:5      | Found a glowing golden altar of the Shining One.
 10650 | D:5      | Noticed a water moccasin
 10656 | D:5      | Killed a water moccasin
 10657 | D:5      | Reached skill level 5 in Long Blades
 10662 | D:5      | Reached XP level 8. HP: 41/58 MP: 0/0
 10667 | D:5      | XOM: scenery: 1 doors close
 10680 | D:5      | Found a staircase to the Ecumenical Temple.
 10689 | D:5      | XOM: fog
 11113 | D:6      | XOM: butterfly on damage
 11115 | D:6      | XOM: smoke on damage
 11117 | D:6      | Slain by an orc warrior

Illustrated notes

Levels and vault maps discovered:
D:1:      psy_arrival_basics, layout_rooms
D:2:      layout_basic, basic_altar
D:3:      kennysheep_big_flooded_room, layout_rooms, serial_bayou_ford_a,
          minmay_ruptured
D:4:      layout_cave_pools, mainiacjoe_overflow_six_doors_small
D:5:      layout_basic, kennysheep_little_box,
          mainiacjoe_overflow_concentric_impassable, old_standard_altar,
          minmay_temple_entry_junction_2, kennysheep_generic_room_10
D:6:      layout_loops_cross

Skill      XL: |  1  2  3  4  5  6  7 |
---------------+----------------------+-----
Long Blades    | 3 4 5 |  5.4
Spellcasting   | 1 2 3 |  3.5
Conjurations   | 1 2 3 |  3.5
Hexes          | 1 2 3 |  3.5
Summonings     | 1 2 3 |  3.5
Necromancy     | 1 2 3 |  3.5
Translocations | 1 2 3 |  3.5
Transmutations | 1 2 3 |  3.5
Fire Magic     | 1 2 3 |  3.5
Ice Magic      | 1 2 3 |  3.5
Air Magic      | 1 2 3 |  3.5
Earth Magic    | 1 2 3 |  3.5
Poison Magic   | 1 2 3 |  3.5
Fighting       | 4 |  4.7
Armour         | |  1.8
Dodging        | |  2.8

Action                     |  1- 3 |  4- 6 |  7- 9 || total
---------------------------+-------+-------+-------++-------
  Melee: Falchion          |    89 |   133 |       ||   222
         Punch             |       |     3 |       ||     3
         Headbutt          |       |    15 |     7 ||    22
         Triple sword      |       |    14 |    53 ||    67
    Use: Scroll            |       |       |     8 ||     8
   Stab: Sleeping          |     4 |     3 |     3 ||    10
         Paralysed         |       |     2 |       ||     2
 Armour: Leather armour    |    62 |   114 |    52 ||   228
  Dodge: Dodged            |    64 |   101 |    35 ||   200

Table legend: (Time is in decaauts)
 A = Elapsed time spent in this place.
 B = Non-inter-level travel time spent in this place.
 C = Inter-level travel time spent in this place.
 D = Time resting spent in this place.
 E = Time spent auto-exploring this place.
 F = Levels seen in this place.
 G = Mean time per level.
                   A        B        C        D        E       F      G
               +--------+--------+--------+--------+--------+-----+--------+
         Total |  11190 |  11008 |    182 |   7866 |   2339 |   6 | 1865.0 |
       Dungeon |  11190 |  11008 |    182 |   7866 |   2339 |   6 | 1865.0 |
               +--------+--------+--------+--------+--------+-----+--------+

Top non-repeatable levels by time:
     D:1: 7255 daAuts
     D:2: 1547 daAuts
     D:5: 989 daAuts
     D:4: 750 daAuts
     D:3: 543 daAuts
     D:6: 103 daAuts
